 Dungeon Crawl Stone Soup version 0.21.3-3-g218456f21e (webtiles) character file.

128 MordorOrchid the Shield-Bearer (level 5, 0/36 HPs)
             Began as an Octopode Fighter on Nov 16, 2020.
             Slain by a frilled lizard (3 damage)
             ... on level 2 of the Dungeon.
             The game lasted 00:03:23 (1582 turns).

MordorOrchid the Shield-Bearer (Octopode Fighter)   Turns: 1582, Time: 00:03:23

Health: 0/36       AC:  1    Str: 15    XL:     5   Next: 11%
Magic:  5/5        EV: 11    Int: 12    God:
Gold:   70         SH: 10    Dex: 11    Spells: 4/4 levels left

rFire    . . .     SeeInvis .   l - -2 hunting sling (curse)
rCold    . . .     Gourm    .   a - +1 shield
rNeg     . . .     Faith    .   (helmet restricted)
rPois    .         Spirit   .   (no amulet)
rElec    .         Reflect  .   (no ring)
rCorr    .         Harm     .   (no ring)
MR       .....                  (no ring)
Stlth    +++.......             (no ring)
HPRegen  0.12/turn              (no ring)
MPRegen  0.09/turn              (no ring)
                                (no ring)
                                (no ring)

@: no status effects
A: almost no armour, stealthy swim, amphibious, 8 rings, constrict 8, camouflage
1, gelatinous body 1
a: no special abilities


You were on level 2 of the Dungeon.
You were not hungry.

You visited 1 branch of the dungeon, and saw 2 of its levels.

You collected 70 gold pieces.

Inventory:

Hand Weapons
 j - a +1 dagger of distortion
 l - a cursed -2 hunting sling (weapon)
 y - a +0 dagger
Armour
 a - a +1 shield (worn)
Scrolls
 g - a scroll of identify
Potions
 f - a potion of flight {unknown}
 h - a potion of agility {unknown}
 i - a potion of curing {unknown}
 k - a potion of lignification
Comestibles
 c - 5 rations


   Skills:
 - Level 3.0 Fighting
 - Level 3.0 Dodging
 - Level 3.1 Stealth
 * Level 3.8 Shields
 * Level 3.7 Unarmed Combat


You had 4 spell levels left.
You didn't know any spells.

Dungeon Overview and Level Annotations

Branches:
Dungeon (2/15)

Altars:


Innate Abilities, Weirdness & Mutations

You cannot wear most types of armour.
You are very stealthy in the water. (Stealth+)
You are amphibious.
You can wear up to eight rings at the same time.
You can use your tentacles to constrict eight enemies at once.
Your skin changes colour to match your surroundings (Stealth+).
Your rubbery body absorbs attacks. (AC +1, EV +1)


Message History

* * * LOW HITPOINT WARNING * * *
The frilled lizard barely misses you. You block the frilled lizard's attack.
The frilled lizard closely misses you. The frilled lizard bites you.
* * * LOW HITPOINT WARNING * * *
You block the frilled lizard's attack. You block the frilled lizard's attack.
The frilled lizard bites you.
* * * LOW HITPOINT WARNING * * *
You block the frilled lizard's attack. You block the frilled lizard's attack.
You block the frilled lizard's attack. The frilled lizard barely misses you.
The frilled lizard closely misses you. You block the frilled lizard's attack.
The frilled lizard closely misses you. The frilled lizard misses you.
The frilled lizard bites you.
You die...

#............#
##.#.#.#.#.#.#
#............#
##.#.#.#.#.#.#
#............#
##.#.#.#.#.#.#
#............#
##.#.#.#.#.#.#####
#...().........@l#
##>#(#.#.#.#####.#
#...).......# ...
##.#(#.#.#.###
####
#...(†...†...#
##.#.#.#.#.#.#
##..#####...#
#.........##
#..........####


You could see a frilled lizard.

Vanquished Creatures
  An orc wizard (D:2)
  3 adders (D:2)
  2 oozes
  A worm (D:2)
  2 dart slugs (D:2)
  A leopard gecko (D:1)
  3 orcs (D:2)
  A ball python (D:1)
  5 bats
  A giant cockroach (D:1)
  7 goblins
  8 hobgoblins
  5 jackals
  A quokka (D:2)
  5 frilled lizards (D:2)
  3 kobolds
  2 rats
51 creatures vanquished.

Notes
Turn   | Place    | Note
-------+----------+-------------------------------------------
     0 | D:1      | MordorOrchid the Octopode Fighter began the quest for the Orb.
     0 | D:1      | Reached XP level 1. HP: 16/16 MP: 1/1
    80 | D:1      | Reached skill level 1 in Stealth
    80 | D:1      | Reached XP level 2. HP: 9/21 MP: 2/2
   776 | D:1      | Reached XP level 3. HP: 26/26 MP: 3/3
   954 | D:2      | HP: 1/26 [adder (1)]
  1187 | D:2      | Reached XP level 4. HP: 28/31 MP: 4/4
  1435 | D:2      | Reached XP level 5. HP: 23/36 MP: 5/5
  1582 | D:2      | Slain by a frilled lizard

Skill      XL: |  1  2  3  4 |
---------------+-------------+-----
Stealth        | 1 2 3 |  3.1
Unarmed Combat | 3 |  3.7
Fighting       | |  3.0
Dodging        | |  3.0
Shields        | |  3.8

Action                   |  1- 3 |  4- 6 || total
-------------------------+-------+-------++-------
Melee: Unarmed           |    64 |    56 ||   120
       Tentacles         |    13 |     8 ||    21
       Constrict         |    17 |    14 ||    31
       Punch             |     1 |     1 ||     2
  Use: Potion            |     1 |     1 ||     2
       Scroll            |       |     3 ||     3
 Stab: Sleeping          |     5 |     2 ||     7
  Eat: Chunk             |     1 |     1 ||     2
Armor: Skin              |     4 |    11 ||    15
Dodge: Dodged            |    24 |    29 ||    53
Block: Shield            |    19 |    34 ||    53
